 Dungeon Crawl Stone Soup version 0.26-a0-642-g67e99244d3 (webtiles) character file.

Game seed: 11053957604646778835

(classic levelgen) 4 EnegeticOcto the Sneak (level 1, -1/13 HPs)
             Began as a Mummy Enchanter on Sept 23, 2020.
             Slain by a goblin (3 damage)
             ... on level 1 of the Dungeon.
             The game lasted 00:02:09 (642 turns).

EnegeticOcto the Sneak (Mummy Enchanter)             Turns: 642, Time: 00:02:09

Health: -1/13      AC:  2    Str: 11    XL:     1   Next: 58%
Magic:  4/4        EV: 12    Int: 14    God:
Gold:   23         SH:  0    Dex: 12    Spells: 4/5 levels left

rFire    x . .     SeeInvis .   a - +1 dagger
rCold    + . .     Faith    .   (no shield)
rNeg     + + +     Spirit   .   b - +0 robe
rPois    ∞         Reflect  .   (no helmet)
rElec    .         Harm     .   (no cloak)
rCorr    .         Rampage  .   (no gloves)
MR       .....                  (no boots)
Stlth    ++........             (no amulet)
HPRegen  0.04/turn              (no ring)
MPRegen  0.09/turn              (no ring)

@: no status effects
A: no potions, fire vulnerability, cold resistance 1, negative energy resistance
3, torment resistance, unbreathing
a: no special abilities


You were on level 1 of the Dungeon.
You visited 1 branch of the dungeon, and saw 2 of its levels.

You collected 23 gold pieces.

Inventory:

Hand Weapons
 a - a +1 dagger (weapon)
 d - a +0 hand axe
Missiles
 e - 20 arrows
Armour
 b - a +0 robe (worn)
Scrolls
 c - a scroll of remove curse {@r2}


   Skills:
 - Level 0.7 Short Blades
 - Level 1.5 Dodging
 + Level 2.8 Stealth
 - Level 2.6 Spellcasting
 - Level 2.6 Hexes


You had 4 spell levels left.
You knew the following spells:

 Your Spells              Type           Power        Failure   Level
a - Corona                Hex            #......      8%          1

Your spell library contained the following spells:

 Spells                   Type           Power        Failure   Level
 Ensorcelled Hibernation  Hex/Ice        #.....       19%         2
 Confusing Touch          Hex            #.......     22%         3
 Tukima's Dance           Hex            #.......     22%         3
 Dazzling Flash           Conj/Hex       #.....       36%         3


Dungeon Overview and Level Annotations

Branches:
Dungeon (2/15)

Altars:

Annotations:
D:2 Natasha


Innate Abilities, Weirdness & Mutations

You do not drink.
Your flesh is vulnerable to fire.
You are immune to poison.
Your flesh is cold resistant. (rC+)
You are immune to negative energy. (rN+++)
You are immune to unholy pain and torment.
You can survive without breathing.


Message History

You kill the frilled lizard!
No target in view!
No target in view!
No target in view!
No target in view!
No target in view!
No target in view!
There is an open door here.
You see here a +0 club.
f - a scroll labeled AXKAL BESAOMEL
g - a scroll labeled BIPNYRCHIRA A hobgoblin comes into view.
It is wielding a +0 club.
Found a stone staircase leading down.
Found a sedimented amethyst potion.
You see here a sedimented amethyst potion.
Found 12 gold pieces.
You now have 23 gold pieces (gained 12).
You open the door.
There is an open door here.
A jackal comes into view.
There is an open door here.
You open the door.
There is an open door here.
You open the door.
There is an open door here.
There is an open door here.
You open the door.
There is a stone staircase leading down here.
A bat comes into view.
Casting: Corona (safe; 8% risk of failure)
Confirm with . or Enter, or press ? or * to list all spells.
Aiming: Corona (safe; 8% risk of failure)
Press: ? - help, Shift-Dir - straight line, f - bat
Aim: a bat (asleep, chance to defeat MR: 62%)
The bat struggles to resist.
The bat closely misses you.
You barely miss the bat. The bat hits you but does no damage. x2
The bat misses you.
You hit the bat but do no damage. The bat closely misses you.
The bat barely misses you. The bat completely misses you.
The bat hits you but does no damage.
You hit the bat but do no damage. The bat barely misses you.
You barely miss the bat. The bat barely misses you. The bat closely misses you.
The bat completely misses you.
You hit the bat.
The bat is severely wounded.
The bat hits you but does no damage. The bat hits you.
The bat closely misses you. x2
You closely miss the bat.
The bat is severely wounded.
The bat closely misses you. The bat hits you but does no damage. x2
You miss the bat.
The bat is severely wounded.
The bat barely misses you. The bat barely misses you. The bat misses you. x2
You closely miss the bat.
The bat is severely wounded.
The bat barely misses you. The bat closely misses you.
You hit the bat.
You kill the bat!
No target in view!
No target in view!
No target in view!
No target in view!
You fall into a shaft and drop 1 floor!
The shaft crumbles and collapses.
Natasha, Servant of Life and Death comes into view.
Natasha hisses angrily.
As you read the scroll labeled NOOQENKEKI, it crumbles to dust.
You feel blessed for a moment.
It was a scroll of remove curse.
As you read the scroll labeled AXKAL BESAOMEL, it crumbles to dust.
You assume a fearsome visage.
Natasha looks frightened!
It was a scroll of fear.
As you read the scroll labeled BIPNYRCHIRA, it crumbles to dust.
You feel aware of your surroundings.
It was a scroll of magic mapping.
Cornered, Natasha turns to fight!
A goblin comes into view.
Found a leather armour.
Natasha stares at you and mumbles some strange words.
The magic dart hits you!
Ouch! That really hurt!
The goblin misses you. The goblin closely misses you.
Natasha mumbles some strange words.
Natasha mumbles some strange words.
The goblin barely misses you.
The crimson imp blinks!
Found 6 stones.
Found a stone staircase leading up.
There is a stone staircase leading up here.
You climb upwards.
There is a stone staircase leading down here.
You are too injured to fight recklessly!
You miss the goblin. The goblin hits you.
* * * LOW HITPOINT WARNING * * *
Found 8 gold pieces.
The goblin hits you.
You die...

#.##.... #.#....
#.#..#
...####.#..#
...........# .
.#####.#..# ...
#.#..##.....
#g#.>.......
#@#.########
#.#.##############
#$#.##.#..#...##..
#.#.##..##..##..#.
#.#.####..#..#.#..
#... #..##.#.##..#
#... #.##...#.#..#
... ##.#.###..#.#
##..###.#.#..


You could see a goblin.

Vanquished Creatures
  A bat (D:1)
  A goblin (D:1)
  2 frilled lizards (D:1)
  A kobold (D:1)
5 creatures vanquished.

Notes
Turn   | Place    | Note
-------+----------+-------------------------------------------
     0 | D:1      | EnegeticOcto the Mummy Enchanter began the quest for the
                  | Orb.
     0 | D:1      | Reached XP level 1. HP: 13/13 MP: 4/4
   612 | D:1      | You fall into a shaft and drop 1 floor!
   612 | D:2      | Noticed Natasha
   626 | D:2      | Noticed a crimson imp
   627 | D:2      | Noticed a crimson imp
   642 | D:1      | Slain by a goblin

Illustrated notes

Levels and vault maps discovered:
D:1:      erik_arrival_cave_to_civilisation [erik_arrival_cave_to_hall],
          layout_basic
D:2:      layout_basic, uniq_natasha

Action                   || total
-------------------------++-------
Melee: Dagger            ||    28
 Cast: Corona            ||     2
  Use: Scroll            ||     3
 Stab: Distracted        ||     1
Armor: Robe              ||     8
Dodge: Dodged            ||    28

Table legend: (Time is in decaauts)
 A = Elapsed time spent in this place.
 B = Non-inter-level travel time spent in this place.
 C = Inter-level travel time spent in this place.
 D = Time resting spent in this place.
 E = Time spent auto-exploring this place.
 F = Levels seen in this place.
 G = Mean time per level.
                   A        B        C        D        E       F      G
               +--------+--------+--------+--------+--------+-----+--------+
         Total |    641 |    641 |      0 |      0 |    379 |   2 |  320.5 |
       Dungeon |    641 |    641 |      0 |      0 |    379 |   2 |  320.5 |
               +--------+--------+--------+--------+--------+-----+--------+

Top non-repeatable levels by time:
     D:1: 619 daAuts
     D:2: 21 daAuts
